AoeStats
← joaaco182

Arabian Desert

510551484Analyzed
1v1 RM · 18h ago on Oct 1, 2026· 63m 1s· 2 players
Game mode
Random Map
Map size
Tiny (2 player)
Population
200
Speed
Normal
Resources
Standard
Victory
Conquest
Starting age
Dark Age
Ending age
Imperial Age
RankedLock teamsTeams togetherTeam positionsShared explorationLock speedFull tech treeHidden civsTurbo modeCheats
Victory
Defeat
🇦🇷 Magyars · Argentina
980
+18
1016
-18
joaaco182
6:57 Loom
9:26 Feudal Age
13:10 Scale Barding Armor
16:09 Fletching
20:54 Castle Age
22:14 Double-Bit Axe
23:12 Light Cavalry
24:34 Bodkin Arrow
24:20 Crossbowman
38:33 Imperial Age
39:11 Chain Barding Armor
38:56 Husbandry
40:33 Gold Mining
43:29 Bracer
47:57 Scale Mail Armor
48:39 Plate Barding Armor
50:53 Ballistics
50:31 Heavy Cavalry Archer
52:33 Gold Shaft Mining
52:55 Parthian Tactics
54:36 Recurve Bow
54:51 Bow Saw
59:45 Thumb Ring
Dr. Hawamagun Amis-Yu
5:38 Loom
9:31 Feudal Age
10:53 Double-Bit Axe
13:35 Horse Collar
23:35 Castle Age
23:37 Wheelbarrow
25:02 Fletching
35:35 Husbandry
40:41 Scale Barding Armor
41:26 Bodkin Arrow
42:10 Ballistics
41:37 Elite Skirmisher
43:15 Padded Archer Armor
46:28 Leather Archer Armor
47:46 Bow Saw
48:06 Heavy Plow
52:07 Chain Barding Armor
54:56 Light Cavalry
Connection lost

Rejoining the realm…

Still unreachable

The connection could not be restored.

Session expired

The server has moved on; the page needs a fresh start.